 Dungeon Crawl Stone Soup version 0.30-a0-743-gbfdf073431 (webtiles) character file.

Game seed: 14109622447438312661

103598 ASSMAN the Eclecticist (level 15, -1/115 HPs)
             Began as a Demonspawn Necromancer on Feb 6, 2023.
             Was a High Priest of Ashenzari.
             Succumbed to a wolf spider's poison
             ... on level 15 of the Dungeon.
             The game lasted 01:24:50 (30161 turns).

ASSMAN the Eclecticist (Demonspawn Necromancer)    Turns: 30161, Time: 01:24:50

Health: -1/115     AC: 11    Str:  9    XL:     15   Next: 89%
Magic:  26/45      EV: 14    Int: 24    God:    Ashenzari [*****.]
Gold:   928        SH: 12    Dex: 15    Spells: 26/48 levels left

rFire   + + .      SeeInvis +    w - staff of death (curse) {Cun, Elem}
rCold   + + .      Faith    .    N - +1 kite shield of the Ensconced God {Slay+3, Range, Alch} (curse)
rNeg    + + +      Spirit   .    M - +0 robe of the Eye in the Sky {Harm rPois Dex+2, Bglg, Alch} (curse)
rPois   +          Reflect  .    b - +0 helmet "Ordeal of Ashenzari" {Melee, Elem} (curse)
rElec   +          Harm     +    l - scarf {rC+ rF+}
rCorr   .          Rampage  .    j - +0 pair of gloves of the Enigmatic Atheism {Evo, Bglg} (curse)
Will    +....      Clarity  +    O - +3 pair of mountain boots {steadfast, rC+, Comp, Self} (curse)
Stlth   ++                       (no amulet)
HPRegen 0.39/turn                C - ring of the Restrained Omen {*Corrode rElec rN++ MP+9 SInv, Range, Alch} (curse)
MPRegen 0.29/turn                y - ring of Ashenzari's Vexation {rF+, Elem, Melee} (curse)

@: lethally poisoned (-1 -> -38), animating dead
A: hooves 2, rugged brown scales 2, ignite blood 2, powered by death 3
a: Renounce Religion, Shatter the Chains


You were on level 15 of the Dungeon.
You worshipped Ashenzari.
Ashenzari was extremely pleased with you.
You visited 3 branches of the dungeon, and saw 22 of its levels.
You also visited: Volcano.

You collected 2347 gold pieces.
You spent 1419 gold pieces at shops.

Inventory:

Hand Weapons
 e - the +6 war axe of Cewur {heavy, rN+}
   (You found it on level 3 of the Lair of Beasts)

   rN:        It protects you from negative energy.
 k - the +2 hammer "Urhulode" {protect, *Noise MP+9 Str+3 Dex+2}
   (You found it on level 2 of the Dungeon)

   Str:       It affects your strength (+3).
   Dex:       It affects your dexterity (+2).
   MP:        It affects your magic capacity (+9).
   *Noise:    It may make noises in combat.
 A - the +2 quarterstaff of Reapportionment {heavy, rElec Str-2 Int+3 Dex+2}
   (You bought it in a shop on level 2 of the Orcish Mines)

   Str:       It affects your strength (-2).
   Int:       It affects your intelligence (+3).
   Dex:       It affects your dexterity (+2).
   rElec:     It insulates you from electricity.
Missiles
 z - 5 silver javelins
 K - 2 throwing nets
Armour
 b - the cursed +0 helmet "Ordeal of Ashenzari" (worn) {Melee, Elem}
   (You found it on level 4 of the Dungeon)

   It has a curse which improves the following skills: Melee Combat: Short
   Blades, Long Blades, Axes, Maces & Flails, Polearms, Staves and Unarmed
   Combat.
   Elements:  Fire Magic, Ice Magic, Air Magic and Earth Magic.
 i - +1 acid dragon scales
 j - the cursed +0 pair of gloves of the Enigmatic Atheism (worn) {Evo, Bglg}
   (You found it on level 1 of the Dungeon)

   It has a curse which improves the following skills: Evocations: Evocations.
   Beguiling: Conjurations, Hexes and Translocations.
 l - a scarf of resistance (worn)
 E - a +2 troll leather armour {Snorg}
 M - the cursed +0 robe of the Eye in the Sky (worn) {Harm rPois Dex+2, Bglg, Alch}
   (You found it on level 9 of the Dungeon)

   Dex:       It affects your dexterity (+2).
   rPois:     It protects you from poison.
   Harm:      It increases damage dealt and taken.
   It has a curse which improves the following skills: Beguiling: Conjurations,
   Hexes and Translocations.
   Alchemy:   Poison Magic and Transmutations.
 N - the cursed +1 kite shield of the Ensconced God (worn) {Slay+3, Range, Alch}
   (You found it on level 1 of the Lair of Beasts)

   Slay:      It affects your accuracy & damage with ranged weapons and melee
   (+3).
   It has a curse which improves the following skills: Ranged Combat: Ranged
   Weapons and Throwing.
   Alchemy:   Poison Magic and Transmutations.
 O - the cursed +3 pair of mountain boots (worn) {steadfast, rC+, Comp, Self}
   (You found it on level 4 of the Lair of Beasts)

   Steadfast: It prevents involuntary movement, except for blinking,
   teleportation, or banishment.
   rC:        It protects you from cold.
   It has a curse which improves the following skills: Companions: Summonings
   and Necromancy.
   Introspection: Fighting and Spellcasting.
 P - a +3 leather armour of fire resistance
 Q - a +3 plate armour of fire resistance
 R - a +3 chain mail of fire resistance
 S - a +0 cloak of stealth
Magical Staves
 s - a staff of poison
 w - a cursed staff of death (weapon) {Cun, Elem}
 Z - a staff of air
Jewellery
 h - the ring "Iluusiora" {Dex+7 SInv}
   (You found it on level 8 of the Dungeon)

   [ring of see invisible]

   Dex:       It affects your dexterity (+7).
   SInv:      It lets you see invisible.
 n - a ring of protection from cold
 y - the cursed ring of Ashenzari's Vexation (right hand) {rF+, Elem, Melee}
   (You found it on level 5 of the Dungeon)

   [ring of protection from fire]

   rF:        It protects you from fire.
   It has a curse which improves the following skills: Elements: Fire Magic, Ice
   Magic, Air Magic and Earth Magic.
   Melee Combat: Short Blades, Long Blades, Axes, Maces & Flails, Polearms,
   Staves and Unarmed Combat.
 C - the cursed ring of the Restrained Omen (left hand) {*Corrode rElec rN++ MP+9 SInv, Range, Alch}
   (You bought it in a shop on level 2 of the Orcish Mines)

   [ring of magical power]

   rElec:     It insulates you from electricity.
   rN:        It greatly protects you from negative energy.
   MP:        It affects your magic capacity (+9).
   SInv:      It lets you see invisible.
   *Corrode:  It may corrode you when you take damage.
   It has a curse which improves the following skills: Ranged Combat: Ranged
   Weapons and Throwing.
   Alchemy:   Poison Magic and Transmutations.
 L - a ring of positive energy
Wands
 c - a wand of digging (2)
 r - a wand of flame (21) (quivered)
 x - a wand of charming (24)
 U - a wand of mindburst (9)
 X - a wand of light (7)
Scrolls
 g - 8 scrolls of teleportation
 o - 4 scrolls of amnesia
 p - a scroll of fear
 t - 5 scrolls of enchant weapon
 v - 5 scrolls of fog
 B - 6 scrolls of magic mapping
 G - 5 scrolls of enchant armour
 J - 3 scrolls of summoning
 V - a scroll of poison
Potions
 d - 7 potions of curing
 f - a potion of heal wounds
 m - 7 potions of resistance
 q - 2 potions of cancellation
 u - 8 potions of haste
 D - 2 potions of flight
 H - 2 potions of might
 I - a potion of brilliance
 T - 3 potions of magic
 W - a potion of invisibility
 Y - 2 potions of ambrosia
Miscellaneous
 F - a lightning rod (4/4)


   Skills:
 - Level 5.8(8.1) Fighting
 - Level 9.0(12.4) Staves
 - Level 4.7 Armour
 - Level 5.7(8.0) Dodging
 - Level 1.7(3.4) Stealth
 - Level 8.1 Shields
 + Level 4.0(7.1) Unarmed Combat
 + Level 15.1(17.3) Spellcasting
 - Level 5.8(9.2) Conjurations
 + Level 10.5(14.0) Hexes
 - Level 10.0(12.3) Necromancy
 - Level 1.3(3.5) Translocations
 + Level 3.9(7.9) Transmutations
 - Level 5.0(9.3) Fire Magic
 - Level 6.5(8.9) Evocations


You had 26 spell levels left.
You knew the following spells:

 Your Spells              Type           Power      Damage    Failure   Level
a - Necrotise             Necr           100%       1d9       1%          1
b - Vampiric Draining     Necr           88%        2d12      1%          3
c - Animate Dead          Necr           88%        N/A       1%          4
d - Agony                 Necr           88%        N/A       1%          5
e - Sticky Flame          Conj/Fire      60%        2d8       1%          4
f - Sublimation of Blood  Necr           88%        N/A       1%          2
g - Portal Projectile     Hex/Tloc       100%       N/A       1%          3

Your spell library contained the following spells:

 Spells                   Type           Power      Damage    Failure   Level
 Ensorcelled Hibernation  Hex/Ice        100%       N/A       1%          2
 Wereblood                Tmut           56%        N/A       1%          2
 Inner Flame              Hex/Fire       67%        N/A       1%          3
 Summon Guardian Golem    Hex/Summ       53%        N/A       1%          3
 Anguish                  Hex/Necr       45%        N/A       1%          4
 Cause Fear               Hex            36%        N/A       1%          4
 Flame Wave               Conj/Fire      60%        2d14      1%          4
 Spider Form              Tmut/Pois      41%        N/A       3%          3
 Leda's Liquefaction      Hex/Erth       27%        N/A       3%          4
 Summon Small Mammal      Summ           88%        N/A       5%          1
 Metabolic Englaciation   Hex/Ice        27%        N/A       9%          5
 Summon Mana Viper        Hex/Summ       53%        N/A       9%          5
 Petrify                  Tmut/Erth      41%        N/A       11%         4
 Borgnjor's Vile Clutch   Necr/Erth      33%        N/A       12%         5
 Call Canine Familiar     Summ           22%        N/A       16%         3
 Alistair's Intoxication  Tmut/Pois      27%        N/A       28%         5
 Summon Forest            Summ/Tloc      14%        N/A       61%         5
 Discord                  Hex            36%        N/A       78%         8
 Eringya's Noxious Bog    Tmut/Pois      20%        N/A       85%         6
 Statue Form              Tmut/Erth      27%        N/A       85%         6
 Summon Cactus Giant      Summ           11%        N/A       100%        6
 Summon Hydra             Summ           11%        N/A       100%        7


Dungeon Overview and Level Annotations

Branches:
Dungeon (15/15)            Temple (0/1) D:7            Lair (5/5) D:9
  Swamp (0/4) Lair:3       Spider (0/4) Lair:3        Slime (0/5) Lair:5
    Orc (2/2) D:11            Elf (0/3) Orc:2        Vaults (0/5) D:14
Volcano (visited)
 Depths: D:15

Altars:
Ashenzari
Cheibriados
Dithmenos
Hepliaklqana
Kikubaaqudgha
Nemelex Xobeh
Okawaru
Ru
Trog
Vehumet
Yredelemnul
Jiyva

Shops:
D:3 !   D:4 *   D:5 *   D:7 :   D:13 *   Orc:2 (=(!(*:[*

Annotations:
Lair:3 3 runed translucent doors, Jaon's ghost, journeyman OpWn


Innate Abilities, Weirdness & Mutations

You have hoof-like feet.
You are mostly covered in rugged brown scales. (AC +2, +5% HP)
Your demonic aura often causes spilled blood to erupt in flames.
You regenerate a lot of health from kills.


Message History

The meliai stings you but does no damage.
You block the meliai's attack. x2
The meliai mumbles some strange prayers to its god against you.
Something smites you! The wolf spider hits you.
You block the wolf spider's attack. The meliai closely misses you. x2
The boulder beetle curls into a ball and begins rolling!
The meliai closely misses you. The meliai stings you.
The meliai hits you with a +0 hand axe. The meliai barely misses you.
Casting: Animate Dead (safe; 1% risk of failure)
Confirm with . or Enter, or press ? or * to list all spells.
Aiming: Sticky Flame (mildly dangerous; 1% risk of failure)
Press: ? - help, Shift-Dir - straight line, f - meliai, p - meliai
Aim: a meliai, wielding a +3 hand axe of venom and wearing a +0 robe The sticky flame hits the meliai!
The meliai is moderately wounded.
The meliai is covered in liquid flames!
The meliai burns! x3
The wolf spider hits you! The wolf spider bites you.
You are poisoned.
The wolf spider poisons you!
The meliai mumbles some strange prayers to its god against you.
Something smites you!
* * * LOW HITPOINT WARNING * * *
You block the meliai's attack. The meliai barely misses you.
The meliai calls upon its god to heal the meliai.
The meliai is healed somewhat.
The meliai hits you with a +3 hand axe of venom.
* * * LOW HITPOINT WARNING * * *
The meliai barely misses you. The meliai hits you with a +0 war axe.
* * * LOW HITPOINT WARNING * * *
You block the meliai's attack. The wolf spider hits you!
* * * LOW HITPOINT WARNING * * *
The wolf spider bites you but does no damage.
The meliai hits you with a +0 hand axe.
* * * LOW HITPOINT WARNING * * *
You block the meliai's attack.
As you read the scroll of fear, it crumbles to dust.
You assume a fearsome visage.
The wolf spider looks frightened!
The boulder beetle looks frightened!
The orc knight easily resists.
The meliai looks frightened! x3
You die...

#.##.......########...
#####.########.# ####
#^........# #.#
#.###.###.# #+## #### *
#.# #?# #...# #... *
*#.# #.##.....* #.##
.,..# #.#...... #..# *
....###yy...... ,####..<
.......@y.B°..., +......
.....#☼#s#.#.#.*,####...
*#..#...,o...... , #..#
#.*###.*.#.#<#, ** #..
,* .. ....... #### , *#.
.# #.#.****
..,..,,...,,, * *#.*.#,
,#. * ** , ,, ,


You could see a boulder beetle (rolling, fleeing), an orc knight, a wolf spider
(fleeing) and 3 meliai.

Vanquished Creatures
  Jorgrun (Orc:2)
  A fire giant (D:13)
  A frost giant (D:13)
  An orc warlord (Orc:2)
  Snorg (Lair:3)
  A fire dragon (Volcano)
  9 hydras
  A radroach (shapeshifter) (D:13)
  2 centaur warriors
  4 boulder beetles
  5 two-headed ogres
  A ghost crab (Lair:3)
  An anaconda (Lair:5)
  7 death yaks
  3 orc high priests (Orc:2)
  Urug (D:10)
  2 fire crabs (Lair:5)
  The ghost of TheSexyCheese the Cleaver, a novice DsGl of Jiyva (D:7)
  4 orc knights (Orc:2)
  6 lindwurms
  8 ugly things
  A deep elf pyromancer (D:13)
  3 cyclopes
  4 manticores
  4 orc sorcerers
  4 black mambas
  5 elephants
  3 torpor snails
  2 rime drakes (Lair:5)
  2 unseen horrors
  18 cane toads
  2 gargoyles
  Maggie (D:8)
  A smoke demon (Volcano)
  5 komodo dragons
  A yaktaur (D:13)
  A freezing wraith (D:14)
  A tengu conjurer (D:13)
  A queen bee (D:13)
  12 trolls
  6 polar bears
  3 meliai (D:13)
  5 hornets (Lair:5)
  11 dream sheep
  5 blink frogs (Lair:4)
  A spectral dream sheep (Lair:3)
  A spectral black mamba (Lair:3)
  Sigmund (D:2)
  14 slime creatures
  A vampire (D:13)
  A spriggan (shapeshifter) (D:14)
  2 shadows (D:13)
  A yak (shapeshifter) (D:14)
  2 spectral komodo dragons (Lair:3)
  5 wraiths
  63 yaks
  A golden eye (shapeshifter) (D:14)
  A human (D:11)
  11 spriggans (Lair:5)
  3 wyverns
  4 steam dragons
  5 basilisks
  3 hogs (D:11)
  3 vampire mosquitoes (D:13)
  Edmund (D:6)
  3 wargs (Orc:2)
  An acid dragon (D:13)
  2 hell hounds (Volcano)
  15 water moccasins
  Duvessa (D:4)
  15 orc warriors
  5 black bears
  An ice beast (D:5)
  A spectral polar bear (Lair:3)
  A sky beast (D:6)
  40 wolves
  9 ogres
  4 boggarts (Lair:5)
  8 centaurs
  2 phantoms
  3 kobold brigands
  4 scorpions
  7 bullfrogs
  A gnoll sergeant (D:8)
  A necrophage (D:7)
  A wyvern zombie (D:7)
  A water moccasin zombie (Lair:4)
  A wight (D:9)
  A warg zombie (Orc:2)
  Dowan (D:4)
  3 yak zombies
  The ghost of Newt the Trooper, a weakling DsGl (D:3)
  33 killer bees
  An electric eel (Lair:3)
  5 howler monkeys
  6 wolf zombies (Lair:4)
  A centaur zombie (D:8)
  A hound (D:6)
  A black bear zombie (D:6)
  11 orc priests
  Crazy Yiuf (D:2)
  A gnoll bouda (D:5)
  4 jellies
  Ijyb (D:5)
  5 iguanas
  Natasha (D:4)
  13 orc wizards
  2 killer bee zombies
  15 gnolls
  12 adders
  3 orc zombies (Orc:2)
  3 worms
  2 dart slugs
  48 orcs
  4 bats (D:1)
  7 endoplasms
  A giant cockroach (D:3)
  7 goblins
  3 hobgoblins
  6 jackals
  21 kobolds
  4 ball pythons
  5 frilled lizards
  3 kobold zombies (D:10)
  6 rats
656 creatures vanquished.

Vanquished Creatures (collateral kills)
  A boulder beetle (D:12)
  2 elephants
  A black mamba (Lair:5)
  A gargoyle (D:13)
  3 cane toads
  A rime drake (Lair:5)
  A komodo dragon (Lair:1)
  A dream sheep (Lair:4)
  4 blink frogs
  A spriggan (Lair:5)
  2 slime creatures (D:13)
  9 yaks
  A wyvern (D:9)
  2 water moccasins
  An orc warrior (Orc:2)
  10 wolves
  A phantom (D:6)
  3 bullfrogs
  4 wights (D:9)
  4 killer bees
  An electric eel (Lair:3)
  3 jellies (Lair:5)
  A hound (D:6)
  3 orc wizards
  2 gnolls
  A shadow imp (D:7)
  A white imp (D:5)
  A dart slug (D:5)
  11 orcs
  A kobold (D:7)
  2 butterflies (D:7)
80 creatures vanquished.

Vanquished Creatures (others)
  A wizard (D:13)
  A death yak zombie (Lair:1)
  A hydra zombie (Lair:5)
  A cane toad zombie (Lair:5)
  2 blink frog zombies
  A water moccasin zombie (Lair:5)
  A troll zombie (Orc:2)
  A spriggan zombie (Lair:5)
  A warg zombie (Orc:2)
  3 polar bear zombies (Lair:5)
  17 yak zombies
  17 wolf zombies
  A bullfrog zombie (D:6)
  2 black bear zombies (Lair:5)
  A killer bee zombie (D:8)
  A human zombie (D:8)
  An ogre zombie (Orc:2)
  A gnoll (D:6)
  A steam dragon zombie (Volcano)
  An iguana zombie (D:6)
  A gnoll zombie (D:5)
  7 kobold zombies (D:7)
  28 orc zombies
  3 bushes (D:9)
  51 fungi
  108 plants
254 creatures vanquished.

Grand Total: 990 creatures vanquished

Notes
Turn   | Place    | Note
-------+----------+-------------------------------------------
     0 | D:1      | ASSMAN the Demonspawn Necromancer began the quest for the
                  | Orb.
     0 | D:1      | Reached XP level 1. HP: 13/13 MP: 3/3
   296 | D:1      | Gained mutation: You have large cloven feet. [demonic
                  | ancestry]
   296 | D:1      | Reached XP level 2. HP: 19/19 MP: 3/5
   619 | D:1      | Found a faded altar of an unknown god.
   637 | D:1      | Prayed at the altar of an unknown god.
   637 | D:1      | Became a worshipper of Ashenzari the Shackled
   962 | D:2      | Found a runed translucent door.
   963 | D:2      | Identified the +2 hammer "Urhulode" {protect, *Noise MP+9
                  | Str+3 Dex+2}
   963 | D:2      | Noticed Crazy Yiuf
  1176 | D:2      | Reached skill level 5 in Necromancy
  1176 | D:2      | Gained mutation: You regenerate a little health from kills.
                  | [demonic ancestry]
  1176 | D:2      | Reached XP level 3. HP: 24/24 MP: 7/7
  1552 | D:2      | Learned a level 3 spell: Vampiric Draining
  1575 | D:2      | Noticed Sigmund
  1580 | D:2      | Reached skill level 3 in Spellcasting
  1588 | D:2      | Killed Sigmund
  1589 | D:2      | Reached skill level 4 in Spellcasting
  1589 | D:2      | Gained mutation: Your demonic aura sometimes causes spilled
                  | blood to erupt in flames. [demonic ancestry]
  1589 | D:2      | Reached XP level 4. HP: 30/30 MP: 5/10
  1589 | D:2      | Reached XP level 5. HP: 35/35 MP: 5/11
  2381 | D:3      | Found a radiant altar of Vehumet.
  2391 | D:3      | Reached * piety under Ashenzari
  2461 | D:3      | Found Pohexev's Distillery.
  2570 | D:3      | Gained mutation: You regenerate health from kills. [demonic
                  | ancestry]
  2570 | D:3      | Reached XP level 6. HP: 41/41 MP: 9/13
  2616 | D:3      | Found a sparkling altar of Nemelex Xobeh.
  2776 | D:3      | Noticed Newt's ghost (weakling DsGl)
  2780 | D:3      | Found a runed translucent door.
  3000 | D:3      | Found a snail-covered altar of Cheibriados.
  3123 | D:4      | Reached ** piety under Ashenzari
  3187 | D:4      | Noticed Dowan
  3209 | D:4      | Learned a level 4 spell: Animate Dead
  3217 | D:4      | Noticed Duvessa
  3224 | D:4      | Killed Duvessa
  3234 | D:4      | Killed Dowan
  3235 | D:4      | Reached skill level 5 in Spellcasting
  3399 | D:4      | Gained mutation: You have hoof-like feet. [demonic
                  | ancestry]
  3399 | D:4      | Reached XP level 7. HP: 46/46 MP: 6/16
  3782 | D:4      | Found Cyriudut's Fire Supplies.
  3828 | D:4      | Noticed Natasha
  3832 | D:4      | Killed Natasha
  4204 | D:5      | Entered Level 5 of the Dungeon
  4446 | D:5      | Noticed Ijyb
  4456 | D:5      | Killed Ijyb
  4735 | D:5      | Reached skill level 6 in Spellcasting
  4848 | D:5      | Found Harew's General Store.
  5270 | D:5      | Reached XP level 8. HP: 52/52 MP: 0/19
  5418 | D:5      | Found a broken altar of Ashenzari.
  5712 | D:5      | Learned a level 5 spell: Agony
  5836 | D:6      | Reached skill level 7 in Spellcasting
  5844 | D:6      | Reached *** piety under Ashenzari
  5929 | D:6      | Noticed Edmund
  5937 | D:6      | Killed Edmund
  5938 | D:6      | Reached skill level 1 in Fire Magic
  6061 | D:6      | Identified the +2 cloak of Beogh's Supremacy {rElec}
  6304 | D:6      | Reached skill level 10 in Necromancy
  6314 | D:6      | Learned a level 4 spell: Sticky Flame
  6437 | D:6      | Identified the +0 short sword of Dividends {drain, Dex+3}
  6770 | D:6      | Gained mutation: You regenerate a lot of health from kills.
                  | [demonic ancestry]
  6770 | D:6      | Reached XP level 9. HP: 57/57 MP: 12/22
  6840 | D:6      | Reached skill level 1 in Conjurations
  7045 | D:6      | Reached skill level 8 in Spellcasting
  7390 | D:7      | Reached **** piety under Ashenzari
  7606 | D:7      | Reached skill level 1 in Staves
  7722 | D:7      | Found Katzavi's Book Emporium.
  7746 | D:7      | Found a staircase to the Ecumenical Temple.
  7937 | D:7      | Found a hazy altar of Hepliaklqana.
  8256 | D:7      | Found a runed translucent gate.
  8256 | D:7      | Found a runed translucent gate.
  8256 | D:7      | Found a runed translucent gate.
  8256 | D:7      | Noticed TheSexyCheese's ghost (novice DsGl)
  8258 | D:7      | Found a basalt altar of Yredelemnul.
  8265 | D:7      | Reached skill level 5 in Fighting
  8265 | D:7      | Reached skill level 5 in Staves
  8265 | D:7      | Reached skill level 5 in Dodging
  8265 | D:7      | Gained mutation: You are partially covered in rugged brown
                  | scales. (AC +1, +3% HP) [demonic ancestry]
  8265 | D:7      | Reached XP level 10. HP: 29/82 MP: 15/24
  9024 | D:8      | Noticed Maggie
  9086 | D:8      | Found a shadowy altar of Dithmenos.
  9091 | D:8      | Killed Maggie
  9230 | D:8      | Learned a level 2 spell: Sublimation of Blood
  9316 | D:8      | Noticed a two-headed ogre
  9323 | D:8      | Killed a two-headed ogre
  9552 | D:8      | Noticed an orc sorcerer
  9595 | D:8      | Your ally Maggie died
  9621 | D:8      | Killed an orc sorcerer
  9622 | D:8      | Reached XP level 11. HP: 88/88 MP: 17/25
  9848 | D:8      | Found a sacrificial altar of Ru.
 10035 | D:8      | Identified the ring "Iluusiora" {Dex+7 SInv}
 10488 | D:9      | Identified the +0 robe of Incorporation {Harm rPois Dex+2}
 10489 | D:9      | Found an ancient bone altar of Kikubaaqudgha.
 10506 | D:9      | Reached skill level 9 in Spellcasting
 10536 | D:9      | Reached skill level 5 in Conjurations
 10604 | D:10     | Entered Level 10 of the Dungeon
 11135 | D:9      | Found a staircase to the Lair.
 11309 | D:10     | Noticed a purple ugly thing
 11318 | D:10     | Killed a purple ugly thing
 11464 | D:10     | Noticed a two-headed ogre
 11472 | D:10     | Killed a two-headed ogre
 11611 | D:10     | Noticed Urug
 11622 | D:10     | Killed Urug
 11926 | D:10     | Reached skill level 10 in Spellcasting
 12162 | D:10     | Found an iron altar of Okawaru.
 12490 | D:10     | Found a bloodstained altar of Trog.
 12919 | D:11     | Reached XP level 12. HP: 81/89 MP: 2/26
 12956 | D:11     | Found a staircase to the Orcish Mines.
 13816 | D:11     | Identified the +3 barding of Activism {rElec}
 14169 | Lair:1   | Entered Level 1 of the Lair of Beasts
 14183 | Lair:1   | Identified the +1 kite shield of Time Monsters {Slay+3}
 14207 | Lair:1   | Reached skill level 5 in Fire Magic
 14478 | Lair:1   | Reached skill level 1 in Shields
 15109 | Lair:1   | Noticed a death yak
 15110 | Lair:1   | Noticed a death yak
 15110 | Lair:1   | Noticed a death yak
 15111 | Lair:1   | Noticed a death yak
 15112 | Lair:1   | Noticed a death yak
 15124 | Lair:1   | Killed a death yak
 15127 | Lair:1   | Killed a death yak
 15129 | Lair:1   | Killed a death yak
 15130 | Lair:1   | Reached skill level 5 in Shields
 15162 | Lair:1   | Killed a death yak
 15166 | Lair:1   | Killed a death yak
 15641 | Lair:2   | Reached ***** piety under Ashenzari
 15877 | Lair:2   | Found a dark tunnel.
 15882 | Volcano  | Entered a volcano
 16071 | Volcano  | Reached XP level 13. HP: 93/95 MP: 11/27
 16083 | Volcano  | Reached skill level 1 in Evocations
 16149 | Volcano  | Reached skill level 11 in Spellcasting
 16290 | Volcano  | Noticed a fire dragon
 16298 | Volcano  | Killed a fire dragon
 16562 | Lair:2   | Reached skill level 1 in Armour
 17357 | Lair:3   | Noticed Snorg
 18028 | Lair:3   | Killed Snorg
 18103 | Lair:3   | Found a runed translucent gate.
 18104 | Lair:3   | Found a runed translucent gate.
 18105 | Lair:3   | Found a runed translucent gate.
 18106 | Lair:3   | Noticed Jaon's ghost (journeyman OpWn)
 18230 | Lair:3   | Reached skill level 5 in Evocations
 18281 | Lair:3   | Found a hole to the Spider Nest.
 18450 | Lair:3   | Identified the +6 war axe of Cewur {heavy, rN+}
 19148 | Lair:3   | Found a staircase to the Swamp.
 19188 | Lair:3   | Reached skill level 12 in Spellcasting
 19465 | Lair:3   | Learned a level 3 spell: Portal Projectile
 19522 | Lair:3   | Reached skill level 1 in Hexes
 20066 | D:2      | Killed Crazy Yiuf
 20211 | D:3      | Killed Newt's ghost
 20659 | D:7      | Killed TheSexyCheese's ghost
 21269 | Lair:4   | Reached skill level 1 in Translocations
 21426 | Lair:4   | Gained mutation: You are mostly covered in rugged brown
                  | scales. (AC +2, +5% HP) [demonic ancestry]
 21426 | Lair:4   | Reached XP level 14. HP: 45/97 MP: 18/30
 21824 | Lair:4   | Found the +3 pair of mountain boots {steadfast, rC+}
 22549 | Lair:5   | Entered Level 5 of the Lair of Beasts
 22726 | Lair:5   | Reached skill level 5 in Hexes
 22888 | Lair:5   | Reached skill level 13 in Spellcasting
 23342 | Lair:5   | Found a staircase to the Slime Pits.
 23722 | Lair:5   | Found a viscous altar of Jiyva.
 25363 | D:13     | Reached skill level 14 in Spellcasting
 25473 | D:13     | Gained mutation: Your demonic aura often causes spilled
                  | blood to erupt in flames. [demonic ancestry]
 25473 | D:13     | Reached XP level 15. HP: 91/115 MP: 6/35
 25784 | D:13     | Found Oricsuko's Assorted Antiques.
 26306 | D:13     | Noticed a frost giant
 26315 | D:13     | Killed a frost giant
 26702 | D:13     | Reached skill level 1 in Unarmed Combat
 26709 | D:13     | Reached skill level 1 in Transmutations
 27030 | D:13     | Noticed a fire giant
 27039 | D:13     | Killed a fire giant
 27184 | Orc:1    | Entered Level 1 of the Orcish Mines
 27771 | Orc:2    | Entered Level 2 of the Orcish Mines
 27771 | Orc:2    | Found Izen's Self-Improvement Boutique.
 27771 | Orc:2    | Found Yhoargh's Assorted Antiques.
 27980 | Orc:2    | Found Ytsuss's Antique Armour Shoppe.
 27991 | Orc:2    | Found Xalatuv's Antique Weapon Shop.
 28017 | Orc:2    | Bought a crude quarterstaff for 279 gold pieces
 28017 | Orc:2    | Identified the +2 quarterstaff of Reapportionment {heavy,
                  | rElec Str-2 Int+3 Dex+2} (You bought it in a shop on level
                  | 2 of the Orcish Mines)
 28032 | Orc:2    | Noticed Jorgrun
 28236 | Orc:2    | Killed Jorgrun
 28237 | Orc:2    | Reached skill level 10 in Hexes
 28513 | Orc:2    | Found Voidaez's Antique Weapon Shop.
 28513 | Orc:2    | Found Lakuap's Distillery.
 28515 | Orc:2    | Found Rapasij's Antique Weapon Shop.
 28515 | Orc:2    | Found Unukar's Jewellery Emporium.
 28524 | Orc:2    | Bought the ring "Icaummeri" {*Corrode rElec rN++ MP+9 SInv}
                  | for 689 gold pieces
 28678 | Orc:2    | Found Sizas's Assorted Antiques.
 28682 | Orc:2    | Bought a glowing scarf for 256 gold pieces
 28696 | Orc:2    | Bought an embroidered cloak for 195 gold pieces
 28920 | Orc:2    | Found a staircase to the Elven Halls.
 29135 | D:14     | Reached skill level 15 in Spellcasting
 29582 | D:14     | Found a gate to the Vaults.
 30044 | D:15     | Entered Level 15 of the Dungeon
 30161 | D:15     | Succumbed to a wolf spider's poison

Illustrated notes

Levels and vault maps discovered:
D:1:      nzn_arrival_water_spiral, layout_basic, ebering_ecumenical_altar_box
D:2:      layout_loops_corners, uniq_sigmund, uniq_crazy_yiuf_cottage
D:3:      layout_rooms, vehumet_altar_wand_db, nemelex_dance_club_becter,
          mainiacjoe_overflow_catwalk, hellmonk_ghost_happy_afterlife,
          serial_shops, shop, st_stairs_6, nicolae_underground_beach
D:4:      layout_loops_ring, nicolae_tso_carved_into_rock,
          nicolae_shop_fire_sale [nicolae_sub_dead_trees], uniq_duvessa,
          uniq_natasha
D:5:      layout_basic, mainiacjoe_overflow_six_doors_small, serial_shops, shop,
          minmay_between, uniq_ijyb
D:6:      minmay_razor_zed, layout_cave_pools, uniq_edmund
D:7:      layout_cave_pods, nicolae_hepliaklqana_hazy_memory,
          nicolae_yredelemnul_ghost_church, minmay_temple_entry_butterflies,
          serial_shops, kennysheep_mini_moat
D:8:      cheibrodos_wizards_tower, layout_loops_ring,
          nicolae_dithmenos_the_darkroom, mainiacjoe_overflow_tiny_flanked,
          uniq_maggie
D:9:      layout_rooms, nicolae_overflow_crystal_walls, minmay_lair_entry_grove,
          amcnicky_mini_corridor_feature, hangedman_abyss_or_decor_clamps,
          nrook_mini_backslash
D:10:     layout_cave_pods, okawaru_trees_2, lemuel_doored_altar,
          minmay_liquid_box, chequers_serial_rivers_room_a, uniq_urug
D:11:     layout_long_grid, orc_0_dummy, grunt_livestock
D:12:     layout_cave_pools, minmay_increasing_density
D:13:     regret_index_tunnel_blossom, layout_basic, serial_shops, shop
D:14:     layout_rooms, david_vaults_4, nicolae_kite_square_tiling_tiny,
          minivault_14
D:15:     gammafunk_depths_entry_grave, layout_loops_corners,
          nicolae_trove_entry_free_sample, minmay_tree_intersection,
          st_stairs_10, lightli_minifort
Lair:1:   layout_roguey, nicolae_quartered_pool_super
Lair:2:   layout_roguey, nicolae_volcano_entry_s_turn, st_stairs_4
Lair:3:   layout_loops_ring, nicolae_swamp_entry_spooky,
          spider_nest_entry_web_field, serial_forest,
          infiniplex_forest_lined_ring, infiniplex_forest_lined_room_3,
          infiniplex_forest_straight_2, infiniplex_forest_diagonal,
          infiniplex_forest_clump_medium, infiniplex_forest_split,
          infiniplex_forest_lined_room_2, gammafunk_ghost_necromancy,
          serial_bayou_pond_d, serial_bayou_lake_a, uniq_snorg
Lair:4:   nzn_winding_woodlands_medium [nzn_winding_woodlands_5x5_default,
          nzn_winding_woodlands_5x15_lazy_stream,
          nzn_winding_woodlands_5x5_cross, nzn_winding_woodlands_5x5_open_star,
          nzn_winding_woodlands_center_diamonds,
          nzn_winding_woodlands_5x5_default,
          nzn_winding_woodlands_5x5_perimeter,
          nzn_winding_woodlands_5x15_pockets,
          nzn_winding_woodlands_5x5_default], layout_cave_pods,
          grunt_forest_large_clearings
Lair:5:   minmay_lair_end_enchanted_forest, layout_cave_pods,
          nicolae_slime_entry_field_trip, portal_ice_cave_entry_pillars_1,
          lookout_lair_type, dreamdust_mushroom_princess,
          minmay_shattered_shrine, infiniplex_staircase_pool_2,
          lemuel_fruit_fields
Orc:1:    layout_diamond_mine, basic_altar, lightli_orcish_oven
Orc:2:    grunt_orc_tribal_feast, layout_caves, serial_shops,
          nicolae_shop_temple_entry_statues_fountains, nicolae_shop_crystal,
          shop, shop_fountains, nicolae_shop_self_help, uniq_jorgrun

Skill      XL: |  1  2  3  4  5  6  7  8  9 10 11 12 13 14 15 |
---------------+----------------------------------------------+-----
Necromancy     | 5 6 7 8 10 | 10.0
Spellcasting   | 4 5 6 7 8 10 12 14 15 | 15.1
Fire Magic     | 1 3 4 5 |  5.0
Conjurations   | 3 4 5 |  5.8
Staves         | 5 6 8 9 |  9.0
Fighting       | 5 |  5.8
Dodging        | 5 |  5.7
Shields        | 8 |  8.1
Evocations     | 6 |  6.5
Armour         | 4 |  4.7
Hexes          | 2 8 10 | 10.5
Translocations | 1 |  1.3
Unarmed Combat | 4 |  4.0
Transmutations | 3 |  3.9
Stealth        | |  1.7

Action                     |  1- 3 |  4- 6 |  7- 9 | 10-12 | 13-15 || total
---------------------------+-------+-------+-------+-------+-------++-------
  Melee: Mace              |     6 |       |       |       |       ||     6
         Staff             |       |       |   211 |   558 |  1142 ||  1911
         Punch             |       |       |     2 |     6 |       ||     8
   Cast: Necrotise         |    60 |    69 |    91 |    34 |    10 ||   264
         Vampiric Draining |       |     1 |    71 |    72 |   107 ||   251
         Animate Dead      |       |     1 |     9 |    13 |    13 ||    36
         Agony             |       |       |     4 |     2 |     2 ||     8
         Sticky Flame      |       |       |     4 |    62 |   172 ||   238
         Portal Projectile |       |       |       |       |     1 ||     1
 Invoke: Curse Item        |     1 |     2 |     3 |     5 |     3 ||    14
         Shatter the Chain |       |       |       |     3 |     3 ||     6
  Evoke: Wand              |       |       |       |       |    68 ||    68
         Lightning rod     |       |       |       |       |     5 ||     5
    Use: Scroll            |     4 |       |     1 |     3 |     9 ||    17
         Potion            |     1 |     2 |     2 |     5 |     5 ||    15
   Stab: Distracted        |       |       |     3 |     4 |     4 ||    11
         Sleeping          |       |       |     3 |     2 |     8 ||    13
         Invisible         |       |       |       |       |    10 ||    10
 Armour: Robe              |     2 |     4 |   123 |   163 |   388 ||   680
  Dodge: Dodged            |    10 |    12 |   196 |   498 |   699 ||  1415
  Block: Kite shield       |       |       |       |    70 |   827 ||   897

Table legend: (Time is in decaauts)
 A = Elapsed time spent in this place.
 B = Non-inter-level travel time spent in this place.
 C = Inter-level travel time spent in this place.
 D = Time resting spent in this place.
 E = Time spent auto-exploring this place.
 F = Levels seen in this place.
 G = Mean time per level.
                   A        B        C        D        E       F      G
               +--------+--------+--------+--------+--------+-----+--------+
         Total |  29978 |  27771 |   2207 |   2028 |  20999 |  23 | 1303.4 |
       Dungeon |  18917 |  17286 |   1631 |    889 |  13570 |  15 | 1261.1 |
          Lair |   8660 |   8212 |    448 |    800 |   5984 |   5 | 1732.0 |
  Orcish Mines |   1811 |   1684 |    127 |    323 |   1025 |   2 |  905.5 |
       Volcano |    589 |    589 |      0 |     16 |    420 |   1 |  589.0 |
               +--------+--------+--------+--------+--------+-----+--------+

Top non-repeatable levels by time:
  Lair:3: 2585 daAuts
     D:6: 2034 daAuts
     D:7: 1967 daAuts
    D:13: 1922 daAuts
    D:10: 1853 daAuts
  Lair:5: 1766 daAuts
     D:5: 1611 daAuts
  Lair:1: 1567 daAuts
     D:2: 1484 daAuts
  Lair:4: 1417 daAuts
     D:8: 1383 daAuts
  Lair:2: 1323 daAuts
     D:4: 1138 daAuts
    D:14: 975 daAuts
     D:1: 957 daAuts
